Wild vs BlackHawks

Created - October-29-14 at 17:18

Goals
1 2 3 T
Wild 2 1 0 3
BlackHawks 1 1 0 2
Shots
1 2 3 T
Wild 11 9 5 25
BlackHawks 7 8 8 23

1st period

1. Wild , Milan Michalek 1 (Bobby Ryan, Fedor Tyutin) at 5:21
2. Wild , Pierre-Marc Bouchard 2 (Blake Comeau, Mark Streit) at 9:24
3. BlackHawks , Trevor Lewis 1 (Alexei Emelin, Kevin Bieksa) at 10:56 (PP)

Penalties :
Mikko Koivu (MIN) for Slashing (Minor) at 2:19, Bobby Ryan (MIN) for Holding (Minor) at 9:50, Matt Greene (CHI) for Tripping (Minor) at 17:58

2nd period

4. Wild , Daniel Alfredsson 4 (Mark Streit, Michael Stone) at 12:12 (PP)
5. BlackHawks , Lars Eller 1 (Alexei Emelin, Alex Galchenyuk) at 17:59

Penalties :
Alexei Emelin (CHI) for Hooking (Minor) at 0:11, Marco Scandella (MIN) for Hooking (Minor) at 4:06, Blake Comeau (MIN) for Hooking (Minor) at 4:25, Josh Harding (MIN) for Slashing (Minor) at 6:03 - Fedor Tyutin served the penalty., Lars Eller (CHI) for Close Hand On Puck (Minor) at 11:42, Dion Phaneuf (CHI) for Fighting (Major) at 13:23, Fedor Tyutin (MIN) for Fighting (Major) at 13:23, Luke Schenn (CHI) for Tripping (Minor) at 14:00

3rd period

No Goal

Penalties :
Marco Scandella (MIN) for Hooking (Minor) at 1:08, Matt Greene (CHI) for Interference (Minor) at 7:12, Chris Phillips (MIN) for Roughing (Minor) at 9:34, Fedor Tyutin (MIN) for High sticking (Minor) at 18:42

Goalie Stats

Josh Harding (MIN), 21 saves from 23 shots - (0.913), W, 7-2-0, 60:00 minutes
Cam Ward (CHI), 22 saves from 25 shots - (0.880), L, 0-3-0, 58:25 minutes

Players Stats for Wild

Player Name              G  A  P  +/- PIM S  H  SB GA TA FO     MP     PP MP  PK MP  
------------------------------------------------------------------------------------
Blake Comeau             0  1  1   1  2   2  2  0  0  0  0/0    15:30   0:00   5:47 
Bobby Ryan               0  1  1   0  2   4  3  0  0  0  9/23   18:37   4:11   0:00 
Chris Phillips           0  0  0   0  2   1  5  1  0  0  0/0    16:39   0:00   5:01 
Daniel Alfredsson        1  0  1   0  0   3  1  0  0  0  1/1    19:23   4:15   0:00 
Erik Cole                0  0  0   1  0   0  1  0  0  0  1/1    14:54   0:42   4:29 
Fedor Tyutin             0  1  1   1  7   2  0  0  0  0  0/0    19:26   2:44   2:16 
Jesse Winchester         0  0  0   0  0   0  0  0  0  0  7/9     5:23   0:00   5:23 
John-Michael Liles       0  0  0   0  0   0  2  0  0  0  0/0    19:52   4:08   4:41 
Marco Scandella          0  0  0   1  4   1  2  2  0  0  0/0    20:52   0:53   4:24 
Marian Gaborik           0  0  0   0  0   2  1  0  0  0  0/2    18:38   4:11   0:00 
Mark Streit              0  2  2   0  0   0  0  2  0  0  0/0    23:38   4:49   6:11 
Michael Ryder            0  0  0   0  0   4  0  0  0  0  0/0    19:07   3:59   0:00 
Michael Stone            0  1  1   0  0   1  3  0  0  0  0/0    19:28   4:18   1:59 
Mikko Koivu              0  0  0   0  2   2  2  0  0  0  16/25  20:27   4:15   1:05 
Milan Michalek           1  0  1   0  0   1  2  0  0  0  0/1    18:12   3:45   0:00 
Pierre-Marc Bouchard     1  0  1   1  0   2  0  1  0  0  9/15   15:31   0:00   5:48 
Rob Scuderi              0  0  0   0  0   0  0  0  0  0  0/0     0:00   0:00   0:00 
Rostislav Klesla         0  0  0   0  0   0  0  0  0  0  0/0     0:00   0:00   0:00 

Players Stats for BlackHawks

Player Name              G  A  P  +/- PIM S  H  SB GA TA FO     MP     PP MP  PK MP  
------------------------------------------------------------------------------------
Alex Galchenyuk          0  1  1   1  0   1  0  0  0  0  0/0    18:34   6:19   0:00 
Alexei Emelin            0  2  2   1  2   1  3  1  0  0  0/0    23:15   6:09   3:25 
Brandon Bollig           0  0  0   0  0   1  0  0  0  0  0/0    11:13   0:00   4:48 
David Booth              0  0  0  -1  0   1  1  0  0  0  1/1     8:26   0:00   0:00 
Dion Phaneuf             0  0  0  -1  5   5  3  1  0  0  0/0    24:29   5:47   4:15 
Dwight King              0  0  0   1  0   1  0  0  0  0  0/0    15:46   0:00   3:31 
Jared Boll               0  0  0  -1  0   0  0  0  0  0  0/0    12:31   0:00   0:00 
Jarred Tinordi           0  0  0  -1  0   0  4  0  0  0  0/0    16:39   0:28   1:43 
Jordan Staal             0  0  0  -1  0   6  1  0  0  0  8/20   18:46   5:57   0:18 
Kevin Bieksa             0  1  1   0  0   1  1  2  0  0  0/0    26:14   8:45   4:43 
Lars Eller               1  0  1   1  2   2  1  0  0  0  9/21   18:33   6:19   0:00 
Luke Schenn              0  0  0  -1  2   1  2  0  0  0  0/0    11:11   0:00   0:08 
Matt Greene              0  0  0   0  4   0  3  1  0  0  0/0    18:07   3:23   2:38 
Nathan Horton            0  0  0  -1  0   1  1  0  0  0  0/1    14:04   5:57   0:00 
Patrick Bordeleau        0  0  0   0  0   0  1  0  0  0  0/0     6:06   0:00   0:00 
Scott Hartnell           0  0  0  -1  0   0  1  0  0  0  0/0    18:28   5:57   0:00 
Trevor Lewis             1  0  1   0  0   1  0  0  0  0  8/17   15:56   6:19   3:31 
Zack Smith               0  0  0  -1  0   1  2  0  0  0  8/17   13:10   0:00   4:44 

3 Stars

1 - Pierre-Marc Bouchard (MIN)
2 - Alexei Emelin (CHI)
3 - Milan Michalek (MIN)

Power Play

Wild - 1 on 5 Attempt(s) - 20.00%
BlackHawks - 1 on 8 Attempt(s) - 12.50%

Penalty Kill

Wild - 7 on 8 Attempt(s) - 87.50% - Score 0 goal in Penalty Kill
BlackHawks - 4 on 5 Attempt(s) - 80.00% - Score 0 goal in Penalty Kill

Official

Referees : Gord Dwyer and Graham Skiliter
Linesman : Ryan Galloway and Pierre Champoux

Game Notes

Fedor Tyutin beats up Dion Phaneuf at 13:23 of 2nd period

Finance

Level 1 -- Attendance: 3510 (54.00%) -- Ticket Income $526,500
Level 2 -- Attendance: 2708 (54.16%) -- Ticket Income $303,296
Level 3 -- Attendance: 2077 (59.34%) -- Ticket Income $166,160
Level 4 -- Attendance: 1453 (32.29%) -- Ticket Income $82,821
Luxury Box -- Attendance: 608 (60.80%) -- Ticket Income $182,400
Game was played at the United Center
Total Attendance: 10356 (50.52%)
Total Ticket Income: $1,261,177
Other Income: $189,177
Total Income: $1,450,354

% Time on Ice - Wild

Lines # - Real PCT - Wanted PCT - Time Play
Normal Forward
1 - 39% - 42% - 15:08
2 - 37% - 42% - 14:27
3 - 25% - 11% - 9:43
4 - 0% - 5% - 0:00
Normal Defense
1 - 39% - 40% - 15:14
2 - 29% - 30% - 11:30
3 - 29% - 25% - 11:26
4 - 3% - 5% - 1:08
PP Forward
1 - 50% - 52% - 4:15
2 - 50% - 48% - 4:11
PP Defense
1 - 51% - 50% - 4:18
2 - 49% - 50% - 4:08
PK Forward
1 - 56% - 50% - 5:48
2 - 44% - 50% - 4:29
PK Defense
1 - 56% - 50% - 5:44
2 - 44% - 50% - 4:33
PK3 Forward
1 - 20% - 50% - 0:24
2 - 80% - 50% - 1:35
PK3 Defense
1 - 42% - 50% - 0:50
2 - 58% - 50% - 1:09
44 Forward
1 - 0% - 50%
2 - 0% - 50%
44 Defense
1 - 0% - 48%
2 - 0% - 52%
Last Minute Offensive  - 0:00
Last Minute Defensive  - 0:00
Total
Forward - 60:00
Defense - 60:00

% Time on Ice - BlackHawks

Lines # - Real PCT - Wanted PCT - Time Play
Normal Forward
1 - 32% - 32% - 12:31
2 - 31% - 28% - 12:15
3 - 21% - 22% - 8:26
4 - 16% - 18% - 6:06
Normal Defense
1 - 34% - 40% - 13:12
2 - 30% - 30% - 11:38
3 - 28% - 20% - 11:04
4 - 9% - 10% - 3:24
PP Forward
1 - 49% - 55% - 5:57
2 - 51% - 45% - 6:19
PP Defense
1 - 50% - 60% - 6:07
2 - 50% - 40% - 6:09
PK Forward
1 - 58% - 55% - 4:55
2 - 42% - 45% - 3:31
PK Defense
1 - 69% - 55% - 5:47
2 - 31% - 45% - 2:39
PK3 Forward
1 - 0% - 50%
2 - 0% - 50%
PK3 Defense
1 - 0% - 55%
2 - 0% - 45%
44 Forward
1 - 0% - 55%
2 - 0% - 45%
44 Defense
1 - 0% - 55%
2 - 0% - 45%
Last Minute Offensive  - 0:00
Last Minute Defensive  - 0:00
Total
Forward - 60:00
Defense - 60:00

Play by Play

1st period


0:01 of 1st period - Mikko Koivu wins face-off versus Jordan Staal in neutral zone.
0:19 of 1st period - Shot by Michael Ryder.
0:19 of 1st period - Stopped by Cam Ward with a rebound.
0:21 of 1st period - Shot by Michael Ryder.
0:21 of 1st period - Stopped by Cam Ward without a rebound.
0:22 of 1st period - Bobby Ryan wins face-off versus Lars Eller in BlackHawks zone.
0:32 of 1st period - Marian Gaborik is hit by Kevin Bieksa.
0:45 of 1st period - Bobby Ryan is hit by Matt Greene and loses puck.
0:56 of 1st period - Shot by Bobby Ryan.
0:56 of 1st period - Deflect By Milan Michalek.
0:56 of 1st period - Shot Misses the Net.
1:26 of 1st period - Off-side.
1:27 of 1st period - Zack Smith wins face-off versus Pierre-Marc Bouchard in neutral zone.
1:57 of 1st period - Off-side.
1:58 of 1st period - Mikko Koivu wins face-off versus Trevor Lewis in neutral zone.
1:58 of 1st period - Mikko Koivu is hit by Patrick Bordeleau.
2:11 of 1st period - Icing by Dion Phaneuf.
2:12 of 1st period - Trevor Lewis wins face-off versus Bobby Ryan in BlackHawks zone.
2:12 of 1st period - Trevor Lewis is hit by Milan Michalek.
2:17 of 1st period - Off-side.
2:18 of 1st period - Jordan Staal wins face-off versus Mikko Koivu in neutral zone.
2:18 of 1st period - Dion Phaneuf is hit by Mikko Koivu and loses puck.
2:19 of 1st period - Minor Penalty to Mikko Koivu for Slashing.
2:20 of 1st period - Pierre-Marc Bouchard wins face-off versus Jordan Staal in Wild zone.
2:20 of 1st period - Pierre-Marc Bouchard is hit by Scott Hartnell.
2:36 of 1st period - Shot by Dion Phaneuf.
2:36 of 1st period - Stopped by Josh Harding without a rebound.
2:37 of 1st period - Lars Eller wins face-off versus Pierre-Marc Bouchard in Wild zone.
2:54 of 1st period - Shot by Lars Eller.
2:54 of 1st period - Shot Misses the Net.
3:20 of 1st period - Shot by Alexei Emelin.
3:20 of 1st period - Shot Blocked by Marco Scandella.
3:26 of 1st period - Trevor Lewis is hit by Erik Cole and loses puck.
5:19 of 1st period - Shot by Bobby Ryan.
5:19 of 1st period - Stopped by Cam Ward with a rebound.
5:21 of 1st period - Shot by Milan Michalek.
5:21 of 1st period - Goal by Milan Michalek - Wild : 1 - BlackHawks : 0.
5:22 of 1st period - Pierre-Marc Bouchard wins face-off versus Jordan Staal in neutral zone.
5:25 of 1st period - Dion Phaneuf is hit by Blake Comeau and loses puck.
5:38 of 1st period - Shot by Jordan Staal.
5:38 of 1st period - Stopped by Josh Harding without a rebound.
5:39 of 1st period - Bobby Ryan wins face-off versus Trevor Lewis in Wild zone.
5:46 of 1st period - Icing by Kevin Bieksa.
5:47 of 1st period - Trevor Lewis wins face-off versus Bobby Ryan in BlackHawks zone.
6:08 of 1st period - Shot by Marian Gaborik.
6:08 of 1st period - Shot Blocked by Kevin Bieksa.
6:10 of 1st period - Shot by Bobby Ryan.
6:10 of 1st period - Stopped by Cam Ward with a rebound.
6:20 of 1st period - Shot by Marian Gaborik.
6:20 of 1st period - Stopped by Cam Ward without a rebound.
6:21 of 1st period - Mikko Koivu wins face-off versus Jordan Staal in BlackHawks zone.
6:21 of 1st period - Mikko Koivu is hit by Jarred Tinordi.
6:44 of 1st period - Off-side.
6:45 of 1st period - Lars Eller wins face-off versus Pierre-Marc Bouchard in neutral zone.
7:16 of 1st period - Off-side.
7:17 of 1st period - Jordan Staal wins face-off versus Bobby Ryan in neutral zone.
7:50 of 1st period - Scott Hartnell is hit by Bobby Ryan and loses puck.
8:31 of 1st period - Shot by Alex Galchenyuk.
8:31 of 1st period - Shot Misses the Net.
8:50 of 1st period - Daniel Alfredsson is hit by Alexei Emelin and loses puck.
9:24 of 1st period - Shot by Pierre-Marc Bouchard.
9:24 of 1st period - Goal by Pierre-Marc Bouchard - Wild : 2 - BlackHawks : 0.
9:25 of 1st period - Trevor Lewis wins face-off versus Bobby Ryan in neutral zone.
9:27 of 1st period - Off-side.
9:28 of 1st period - Bobby Ryan wins face-off versus Trevor Lewis in neutral zone.
9:37 of 1st period - Shot by Luke Schenn.
9:37 of 1st period - Stopped by Josh Harding with a rebound.
9:50 of 1st period - Minor Penalty to Bobby Ryan for Holding.
9:51 of 1st period - Pierre-Marc Bouchard wins face-off versus Jordan Staal in Wild zone.
9:51 of 1st period - Mark Streit is hit by Nathan Horton and loses puck.
10:12 of 1st period - Shot by Jordan Staal.
10:12 of 1st period - Shot Blocked by Mark Streit.
10:14 of 1st period - Shot by Kevin Bieksa.
10:14 of 1st period - Shot Misses the Net.
10:16 of 1st period - Shot by Dion Phaneuf.
10:16 of 1st period - Stopped by Josh Harding without a rebound.
10:17 of 1st period - Jesse Winchester wins face-off versus Lars Eller in Wild zone.
10:52 of 1st period - Shot by Kevin Bieksa.
10:52 of 1st period - Shot Blocked by Mark Streit.
10:54 of 1st period - Shot by Alexei Emelin.
10:54 of 1st period - Shot Misses the Net.
10:56 of 1st period - Shot by Trevor Lewis.
10:56 of 1st period - Goal by Trevor Lewis - Wild : 2 - BlackHawks : 1.
10:57 of 1st period - Jordan Staal wins face-off versus Mikko Koivu in neutral zone.
11:22 of 1st period - Shot by Mikko Koivu.
11:22 of 1st period - Shot Misses the Net.
11:32 of 1st period - Shot by Michael Ryder.
11:32 of 1st period - Stopped by Cam Ward without a rebound.
11:33 of 1st period - Bobby Ryan wins face-off versus Nathan Horton in BlackHawks zone.
11:42 of 1st period - Shot by Bobby Ryan.
11:42 of 1st period - Shot Misses the Net.
11:49 of 1st period - Off-side.
11:50 of 1st period - Pierre-Marc Bouchard wins face-off versus Lars Eller in neutral zone.
12:07 of 1st period - Shot by Dwight King.
12:07 of 1st period - Shot Blocked by Chris Phillips.
12:13 of 1st period - Shot by Lars Eller.
12:13 of 1st period - Stopped by Josh Harding with a rebound.
12:24 of 1st period - Lars Eller is hit by Chris Phillips and loses puck.
12:58 of 1st period - Icing by Marco Scandella.
12:59 of 1st period - Jordan Staal wins face-off versus Mikko Koivu in Wild zone.
13:53 of 1st period - Mark Streit is hit by Zack Smith and loses puck.
14:17 of 1st period - Icing by Michael Stone.
14:18 of 1st period - Trevor Lewis wins face-off versus Bobby Ryan in Wild zone.
14:47 of 1st period - Shot by Dion Phaneuf.
14:47 of 1st period - Shot Hit the Post.
14:59 of 1st period - Shot by Blake Comeau.
14:59 of 1st period - Stopped by Cam Ward without a rebound.
15:00 of 1st period - Mikko Koivu wins face-off versus Zack Smith in BlackHawks zone.
15:09 of 1st period - Shot by David Booth.
15:09 of 1st period - Stopped by Josh Harding without a rebound.
15:10 of 1st period - Mikko Koivu wins face-off versus Jordan Staal in Wild zone.
16:19 of 1st period - Shot by Bobby Ryan.
16:19 of 1st period - Stopped by Cam Ward without a rebound.
16:20 of 1st period - Pierre-Marc Bouchard wins face-off versus Lars Eller in BlackHawks zone.
16:44 of 1st period - Shot by Dwight King.
16:44 of 1st period - Deflect By Lars Eller.
16:44 of 1st period - Shot Blocked by Pierre-Marc Bouchard.
17:24 of 1st period - Off-side.
17:25 of 1st period - Mikko Koivu wins face-off versus Zack Smith in neutral zone.
17:56 of 1st period - Matt Greene is hit by Mikko Koivu and loses puck.
17:58 of 1st period - Minor Penalty to Matt Greene for Tripping.
17:59 of 1st period - Zack Smith wins face-off versus Bobby Ryan in BlackHawks zone.
17:59 of 1st period - Zack Smith is hit by Bobby Ryan.
19:48 of 1st period - Shot by Mark Streit.
19:48 of 1st period - Deflect By Marian Gaborik.
19:48 of 1st period - Stopped by Cam Ward without a rebound.
19:49 of 1st period - Trevor Lewis wins face-off versus Bobby Ryan in BlackHawks zone.
Goals for this period are 2 for Wild vs 1 for BlackHawks.
Shots for this period are 11 for Wild vs 7 for BlackHawks.

2nd period


0:01 of 2nd period - Bobby Ryan wins face-off versus Trevor Lewis in neutral zone.
0:11 of 2nd period - Minor Penalty to Alexei Emelin for Hooking.
0:12 of 2nd period - Mikko Koivu wins face-off versus Zack Smith in BlackHawks zone.
1:26 of 2nd period - Shot by Fedor Tyutin.
1:26 of 2nd period - Stopped by Cam Ward without a rebound.
1:27 of 2nd period - Bobby Ryan wins face-off versus Trevor Lewis in BlackHawks zone.
1:42 of 2nd period - Off-side.
1:43 of 2nd period - Bobby Ryan wins face-off versus Zack Smith in neutral zone.
1:48 of 2nd period - Shot by Fedor Tyutin.
1:48 of 2nd period - Shot Misses the Net.
1:52 of 2nd period - Shot by Marian Gaborik.
1:52 of 2nd period - Shot Blocked by Matt Greene.
1:54 of 2nd period - Shot by Fedor Tyutin.
1:54 of 2nd period - Stopped by Cam Ward without a rebound.
1:55 of 2nd period - Trevor Lewis wins face-off versus Bobby Ryan in BlackHawks zone.
2:35 of 2nd period - Off-side.
2:36 of 2nd period - Mikko Koivu wins face-off versus Lars Eller in neutral zone.
2:55 of 2nd period - Shot by Daniel Alfredsson.
2:55 of 2nd period - Deflect By Mikko Koivu.
2:55 of 2nd period - Stopped by Cam Ward without a rebound.
2:56 of 2nd period - Zack Smith wins face-off versus Bobby Ryan in BlackHawks zone.
2:56 of 2nd period - Zack Smith is hit by Bobby Ryan.
3:10 of 2nd period - Shot by Nathan Horton.
3:10 of 2nd period - Stopped by Josh Harding with a rebound.
3:30 of 2nd period - Shot by Bobby Ryan.
3:30 of 2nd period - Shot Misses the Net.
3:32 of 2nd period - Shot by Marian Gaborik.
3:32 of 2nd period - Shot Misses the Net.
4:02 of 2nd period - Daniel Alfredsson is hit by Jordan Staal and loses puck.
4:06 of 2nd period - Minor Penalty to Marco Scandella for Hooking.
4:07 of 2nd period - Lars Eller wins face-off versus Jesse Winchester in Wild zone.
4:10 of 2nd period - Shot by Dion Phaneuf.
4:10 of 2nd period - Stopped by Josh Harding without a rebound.
4:11 of 2nd period - Jesse Winchester wins face-off versus Lars Eller in Wild zone.
4:25 of 2nd period - Minor Penalty to Blake Comeau for Hooking.
4:26 of 2nd period - Jesse Winchester wins face-off versus Jordan Staal in Wild zone.
5:34 of 2nd period - Shot by Alexei Emelin.
5:34 of 2nd period - Shot Misses the Net.
5:48 of 2nd period - Alexei Emelin is hit by Chris Phillips and loses puck.
5:52 of 2nd period - Trevor Lewis is hit by Chris Phillips and loses puck.
6:03 of 2nd period - Shot by Dion Phaneuf.
6:03 of 2nd period - Stopped by Josh Harding without a rebound.
6:03 of 2nd period - Minor Penalty to Josh Harding for Slashing.
6:04 of 2nd period - Jordan Staal wins face-off versus Mikko Koivu in Wild zone.
7:39 of 2nd period - Shot by Jordan Staal.
7:39 of 2nd period - Stopped by Josh Harding without a rebound.
7:40 of 2nd period - Jesse Winchester wins face-off versus Lars Eller in Wild zone.
8:19 of 2nd period - Shot by David Booth.
8:19 of 2nd period - Shot Misses the Net.
8:21 of 2nd period - Shot by Zack Smith.
8:21 of 2nd period - Stopped by Josh Harding without a rebound.
8:22 of 2nd period - Mikko Koivu wins face-off versus Jordan Staal in Wild zone.
9:40 of 2nd period - Milan Michalek is hit by Zack Smith and loses puck.
9:57 of 2nd period - Icing by Nathan Horton.
9:58 of 2nd period - David Booth wins face-off versus Pierre-Marc Bouchard in BlackHawks zone.
10:04 of 2nd period - Kevin Bieksa is hit by Marco Scandella and loses puck.
10:16 of 2nd period - Icing by Erik Cole.
10:17 of 2nd period - Lars Eller wins face-off versus Pierre-Marc Bouchard in Wild zone.
10:20 of 2nd period - Shot by Dwight King.
10:20 of 2nd period - Stopped by Josh Harding with a rebound.
10:31 of 2nd period - Off-side.
10:32 of 2nd period - Jordan Staal wins face-off versus Bobby Ryan in neutral zone.
11:06 of 2nd period - Shot by Marian Gaborik.
11:06 of 2nd period - Shot Misses the Net.
11:15 of 2nd period - Jordan Staal is hit by John-Michael Liles and loses puck.
11:42 of 2nd period - Minor Penalty to Lars Eller for Close Hand On Puck.
11:43 of 2nd period - Zack Smith wins face-off versus Mikko Koivu in BlackHawks zone.
12:08 of 2nd period - Shot by Michael Stone.
12:08 of 2nd period - Shot Misses the Net.
12:10 of 2nd period - Shot by Mark Streit.
12:10 of 2nd period - Shot Blocked by Dion Phaneuf.
12:12 of 2nd period - Shot by Daniel Alfredsson.
12:12 of 2nd period - Goal by Daniel Alfredsson - Wild : 3 - BlackHawks : 1.
12:13 of 2nd period - Lars Eller wins face-off versus Pierre-Marc Bouchard in neutral zone.
12:20 of 2nd period - Shot by Alex Galchenyuk.
12:20 of 2nd period - Deflect By Dwight King.
12:20 of 2nd period - Shot Misses the Net.
12:22 of 2nd period - Shot by Lars Eller.
12:22 of 2nd period - Shot Misses the Net.
12:46 of 2nd period - Lars Eller is hit by Marco Scandella and loses puck.
13:23 of 2nd period - Fedor Tyutin beats up Dion Phaneuf.
13:23 of 2nd period - Penalty to Dion Phaneuf for Fighting.
13:23 of 2nd period - Penalty to Fedor Tyutin for Fighting.
13:24 of 2nd period - Mikko Koivu wins face-off versus Trevor Lewis in Wild zone.
13:32 of 2nd period - Mikko Koivu is hit by Luke Schenn and loses puck.
13:48 of 2nd period - Trevor Lewis is hit by Michael Stone and loses puck.
14:00 of 2nd period - Minor Penalty to Luke Schenn for Tripping.
14:01 of 2nd period - Zack Smith wins face-off versus Bobby Ryan in BlackHawks zone.
14:32 of 2nd period - Kevin Bieksa is hit by Marian Gaborik and loses puck.
15:04 of 2nd period - Shot by Mikko Koivu.
15:04 of 2nd period - Shot Blocked by Alexei Emelin.
15:10 of 2nd period - Shot by Mikko Koivu.
15:10 of 2nd period - Stopped by Cam Ward with a rebound.
15:12 of 2nd period - Shot by Michael Stone.
15:12 of 2nd period - Stopped by Cam Ward without a rebound.
15:13 of 2nd period - Trevor Lewis wins face-off versus Marian Gaborik in BlackHawks zone.
15:43 of 2nd period - Off-side.
15:44 of 2nd period - Daniel Alfredsson wins face-off versus Zack Smith in neutral zone.
15:48 of 2nd period - Shot by Marco Scandella.
15:48 of 2nd period - Stopped by Cam Ward without a rebound.
15:49 of 2nd period - Zack Smith wins face-off versus Mikko Koivu in BlackHawks zone.
16:27 of 2nd period - Pierre-Marc Bouchard is hit by Alexei Emelin and loses puck.
17:04 of 2nd period - Shot by Alex Galchenyuk.
17:04 of 2nd period - Stopped by Josh Harding without a rebound.
17:05 of 2nd period - Mikko Koivu wins face-off versus Zack Smith in Wild zone.
17:25 of 2nd period - David Booth is hit by Chris Phillips.
17:30 of 2nd period - Mikko Koivu is hit by Jarred Tinordi and loses puck.
17:39 of 2nd period - Shot by Daniel Alfredsson.
17:39 of 2nd period - Shot Blocked by Kevin Bieksa.
17:41 of 2nd period - Shot by Chris Phillips.
17:41 of 2nd period - Stopped by Cam Ward without a rebound.
17:42 of 2nd period - Lars Eller wins face-off versus Bobby Ryan in BlackHawks zone.
17:59 of 2nd period - Shot by Lars Eller.
17:59 of 2nd period - Goal by Lars Eller - Wild : 3 - BlackHawks : 2.
18:00 of 2nd period - Pierre-Marc Bouchard wins face-off versus Trevor Lewis in neutral zone.
18:30 of 2nd period - Shot by Pierre-Marc Bouchard.
18:30 of 2nd period - Stopped by Cam Ward without a rebound.
18:31 of 2nd period - Jordan Staal wins face-off versus Bobby Ryan in BlackHawks zone.
18:52 of 2nd period - Shot by Scott Hartnell.
18:52 of 2nd period - Deflect By Jordan Staal.
18:52 of 2nd period - Shot Misses the Net.
Goals for this period are 1 for Wild vs 1 for BlackHawks.
Shots for this period are 9 for Wild vs 8 for BlackHawks.

3rd period


0:01 of 3rd period - Lars Eller wins face-off versus Mikko Koivu in neutral zone.
0:01 of 3rd period - Dion Phaneuf is hit by Daniel Alfredsson and loses puck.
0:05 of 3rd period - Dwight King is hit by Michael Stone and loses puck.
0:44 of 3rd period - Daniel Alfredsson is hit by Dion Phaneuf and loses puck.
1:01 of 3rd period - Shot by Brandon Bollig.
1:01 of 3rd period - Stopped by Josh Harding without a rebound.
1:02 of 3rd period - Trevor Lewis wins face-off versus Milan Michalek in Wild zone.
1:08 of 3rd period - Minor Penalty to Marco Scandella for Hooking.
1:09 of 3rd period - Erik Cole wins face-off versus Jordan Staal in Wild zone.
2:25 of 3rd period - Shot by Kevin Bieksa.
2:25 of 3rd period - Stopped by Josh Harding without a rebound.
2:26 of 3rd period - Jesse Winchester wins face-off versus Jordan Staal in Wild zone.
3:37 of 3rd period - Marco Scandella is hit by Jarred Tinordi and loses puck.
3:47 of 3rd period - Marian Gaborik is hit by Luke Schenn and loses puck.
4:41 of 3rd period - Mikko Koivu is hit by Dion Phaneuf and loses puck.
4:47 of 3rd period - Mikko Koivu is hit by Alexei Emelin and loses puck.
5:35 of 3rd period - Jordan Staal is hit by John-Michael Liles and loses puck.
5:41 of 3rd period - Jordan Staal is hit by Chris Phillips and loses puck.
5:44 of 3rd period - Shot by Jordan Staal.
5:44 of 3rd period - Shot Misses the Net.
5:46 of 3rd period - Shot by Jordan Staal.
5:46 of 3rd period - Stopped by Josh Harding with a rebound.
5:48 of 3rd period - Shot by Jordan Staal.
5:48 of 3rd period - Stopped by Josh Harding without a rebound.
5:49 of 3rd period - Bobby Ryan wins face-off versus Zack Smith in Wild zone.
5:49 of 3rd period - Bobby Ryan is hit by David Booth.
5:56 of 3rd period - Off-side.
5:57 of 3rd period - Zack Smith wins face-off versus Marian Gaborik in neutral zone.
6:59 of 3rd period - Icing by Matt Greene.
7:00 of 3rd period - Mikko Koivu wins face-off versus Trevor Lewis in BlackHawks zone.
7:04 of 3rd period - Daniel Alfredsson is hit by Matt Greene and loses puck.
7:09 of 3rd period - Shot by Michael Stone.
7:09 of 3rd period - Shot Misses the Net.
7:12 of 3rd period - Minor Penalty to Matt Greene for Interference.
7:13 of 3rd period - Mikko Koivu wins face-off versus Zack Smith in BlackHawks zone.
7:31 of 3rd period - Mikko Koivu is hit by Dion Phaneuf and loses puck.
7:48 of 3rd period - Shot by Mikko Koivu.
7:48 of 3rd period - Shot Misses the Net.
8:58 of 3rd period - Dwight King is hit by Milan Michalek and loses puck.
9:34 of 3rd period - Minor Penalty to Chris Phillips for Roughing.
9:35 of 3rd period - Jordan Staal wins face-off versus Jesse Winchester in Wild zone.
10:00 of 3rd period - Shot by Jordan Staal.
10:00 of 3rd period - Deflect By Scott Hartnell.
10:00 of 3rd period - Shot Blocked by Marco Scandella.
10:52 of 3rd period - Shot by Alexei Emelin.
10:52 of 3rd period - Stopped by Josh Harding with a rebound.
11:16 of 3rd period - Shot by Jordan Staal.
11:16 of 3rd period - Stopped by Josh Harding without a rebound.
11:17 of 3rd period - Pierre-Marc Bouchard wins face-off versus Lars Eller in Wild zone.
11:24 of 3rd period - Lars Eller is hit by Blake Comeau and loses puck.
12:00 of 3rd period - Off-side.
12:01 of 3rd period - Bobby Ryan wins face-off versus Jordan Staal in neutral zone.
13:30 of 3rd period - Shot by Michael Ryder.
13:30 of 3rd period - Stopped by Cam Ward with a rebound.
13:34 of 3rd period - Shot by Mikko Koivu.
13:34 of 3rd period - Deflect By Daniel Alfredsson.
13:34 of 3rd period - Stopped by Cam Ward without a rebound.
13:35 of 3rd period - Pierre-Marc Bouchard wins face-off versus Trevor Lewis in BlackHawks zone.
13:35 of 3rd period - Fedor Tyutin is hit by Matt Greene and loses puck.
13:48 of 3rd period - Shot by Blake Comeau.
13:48 of 3rd period - Stopped by Cam Ward without a rebound.
13:49 of 3rd period - Pierre-Marc Bouchard wins face-off versus Zack Smith in BlackHawks zone.
13:55 of 3rd period - Icing by Kevin Bieksa.
13:56 of 3rd period - Zack Smith wins face-off versus Bobby Ryan in BlackHawks zone.
14:53 of 3rd period - Shot by Jordan Staal.
14:53 of 3rd period - Stopped by Josh Harding without a rebound.
14:54 of 3rd period - Mikko Koivu wins face-off versus Lars Eller in Wild zone.
15:05 of 3rd period - Icing by Alex Galchenyuk.
15:06 of 3rd period - Mikko Koivu wins face-off versus Lars Eller in BlackHawks zone.
16:12 of 3rd period - Luke Schenn is hit by Michael Stone and loses puck.
16:21 of 3rd period - Shot by Michael Stone.
16:21 of 3rd period - Shot Misses the Net.
16:42 of 3rd period - Mark Streit is hit by Jarred Tinordi.
17:21 of 3rd period - Shot by Bobby Ryan.
17:21 of 3rd period - Stopped by Cam Ward without a rebound.
17:22 of 3rd period - Mikko Koivu wins face-off versus Lars Eller in BlackHawks zone.
17:27 of 3rd period - Shot by Daniel Alfredsson.
17:27 of 3rd period - Stopped by Cam Ward without a rebound.
17:28 of 3rd period - Lars Eller wins face-off versus Mikko Koivu in BlackHawks zone.
17:30 of 3rd period - Icing by Dion Phaneuf.
17:31 of 3rd period - Lars Eller wins face-off versus Mikko Koivu in BlackHawks zone.
18:25 of 3rd period - BlackHawks, Cam Ward is pulled from the net.
18:42 of 3rd period - Minor Penalty to Fedor Tyutin for High sticking.
18:43 of 3rd period - Jesse Winchester wins face-off versus Jordan Staal in Wild zone.
19:20 of 3rd period - Shot by Nathan Horton.
19:20 of 3rd period - Shot Misses the Net.
19:22 of 3rd period - Shot by Dion Phaneuf.
19:22 of 3rd period - Stopped by Josh Harding without a rebound.
19:23 of 3rd period - Jesse Winchester wins face-off versus Lars Eller in Wild zone.
19:23 of 3rd period - Jesse Winchester is hit by Lars Eller.
Goals for this period are 0 for Wild vs 0 for BlackHawks.
Shots for this period are 5 for Wild vs 8 for BlackHawks.


Output by the SimonT Hockey Simulator (STHS) for Stephane Roy -- Original Page W3C XHTML 1.0 Valid
Hockey Simulator - Hockey Simulation - Hockey Manager